 Dungeon Crawl Stone Soup version 0.21-a0-351-g38363bb (webtiles) character file.

689 Monsterracer the Magician (level 7, -1/51 HPs)
             Began as a Gnoll Wizard on Oct 9, 2017.
             Was an Initiate of Ashenzari.
             Slain by a worker ant (3 damage)
             ... on level 5 of the Dungeon.
             The game lasted 00:10:20 (5670 turns).

Monsterracer the Magician (Gnoll Wizard)            Turns: 5670, Time: 00:10:21

Health: -1/51      AC:  4    Str:  9    XL:     7   Next: 63%
Magic:  18/18      EV: 14    Int: 23    God:    Ashenzari [......]
Gold:   166        SH:  4    Dex: 13    Spells: 12/21 levels left

rFire    . . .     SeeInvis .   b - +2 long sword (holy)
rCold    . . .     Gourm    .   h - +0 buckler
rNeg     . . .     Faith    .   u - +0 robe (curse)
rPois    .         Spirit   .   y - +0 helmet (curse)
rElec    .         Reflect  .   (no cloak)
rCorr    .         Harm     .   (no gloves)
MR       .....                  j - +0 pair of boots (curse)
Stlth    +++.......             (no amulet)
HPRegen  0.17/turn              (no ring)
MPRegen  0.16/turn              (no ring)

@: no status effects
A: distributed training, fangs 1, strong nose
a: Curse Item, Renounce Religion


You were on level 5 of the Dungeon.
You worshipped Ashenzari.
Ashenzari was noncommittal.
You were hungry.

You visited 2 branches of the dungeon, and saw 6 of its levels.

You collected 166 gold pieces.

Inventory:

Hand Weapons
 a - a +0 trident
 b - a +2 long sword of holy wrath (weapon)
 x - a +0 dagger
Armour
 c - a cursed -1 shield
 h - a +0 buckler (worn)
 j - a cursed +0 pair of boots (worn)
 l - the +0 pair of boots of the Insatiable Runes {*Drain rPois MR+ Dex+2}
   (You found it on level 5 of the Dungeon)

   It affects your dexterity (+2).
   It protects you from poison.
   It affects your resistance to hostile enchantments.
   It causes draining when unequipped.
 p - a cursed +0 ring mail
 u - a cursed +0 robe (worn)
 y - a cursed +0 helmet (worn)
Scrolls
 i - 2 scrolls of magic mapping {unknown}
 n - a scroll of remove curse
 q - 4 scrolls of amnesia {unknown}
 r - 2 scrolls of blinking {unknown}
 s - 3 scrolls of teleportation {unknown}
 w - a scroll of enchant armour {unknown}
Potions
 e - a potion of curing {unknown}
 f - 3 potions of haste
 g - 2 potions of might
 k - 4 potions of flight
 m - 2 potions of heal wounds
 o - a potion of lignification
 t - 2 potions of invisibility
Comestibles
 d - 4 bread rations


   Skills:
 + Level 2.5 Fighting
 + Level 2.5 Short Blades
 + Level 2.5 Long Blades
 + Level 2.5 Axes
 + Level 2.5 Maces & Flails
 + Level 2.5 Polearms
 + Level 2.5 Staves
 + Level 2.5 Slings
 + Level 2.5 Bows
 + Level 2.5 Crossbows
 + Level 2.5 Throwing
 + Level 2.5 Armour
 + Level 5.3 Dodging
 + Level 4.9 Stealth
 + Level 2.5 Shields
 + Level 2.5 Unarmed Combat
 + Level 7.6 Spellcasting
 + Level 3.7 Conjurations
 + Level 2.5 Hexes
 + Level 2.5 Charms
 + Level 3.7 Summonings
 + Level 2.5 Necromancy
 + Level 3.7 Translocations
 + Level 2.5 Transmutations
 + Level 2.5 Fire Magic
 + Level 2.5 Ice Magic
 + Level 2.5 Air Magic
 + Level 2.5 Earth Magic
 + Level 2.5 Poison Magic
 + Level 2.5 Invocations
 + Level 2.5 Evocations


You had 12 spell levels left.
You knew the following spells:

 Your Spells              Type           Power        Failure   Level  Hunger
a - Magic Dart            Conj           ####         1%          1    None
b - Conjure Flame         Conj/Fire      ###.....     7%          3    None
c - Mephitic Cloud        Conj/Pois/Air  ###.....     8%          3    None
e - Blink                 Tloc           N/A          2%          2    None


Dungeon Overview and Level Annotations

Branches:
Dungeon (5/15)             Temple (1/1) D:5

Altars:
Ashenzari
Cheibriados
Dithmenos
Fedhas
Gozag
Hepliaklqana
Kikubaaqudgha
Makhleb
Nemelex Xobeh
Okawaru
Qazlal
Ru
Trog
Uskayaw
Xom
Yredelemnul
Zin
The Shining One

Shops:
D:5 =::


Innate Abilities, Weirdness & Mutations

Your experience applies equally to all skills.
You have very sharp teeth.
Your uncanny sense of smell can sniff out nearby items.


Message History

The worker ant is lightly wounded.
You hit the worker ant. Your bite misses the worker ant.
The worker ant is heavily wounded.
The worker ant bites you.
* * * LOW HITPOINT WARNING * * *
You block the worker ant's attack.
Huge Dmg: -4%(-2hp) hp: 2%(1hp)
You barely miss the worker ant.
The worker ant is heavily wounded.
The worker ant barely misses you.
You hit the worker ant.
The worker ant is severely wounded.
You are feeling hungry.
The worker ant bites you but does no damage.
The worker ant closely misses you.
You barely miss the worker ant.
The worker ant is severely wounded.
The worker ant misses you.
You riposte.
You hit the worker ant but do no damage.
The worker ant is severely wounded.
You closely miss the worker ant.
The worker ant is severely wounded.
The worker ant closely misses you.
You riposte.
You completely miss the worker ant. Your bite misses the worker ant.
The worker ant is severely wounded.
The worker ant closely misses you.
You hit the worker ant.
The worker ant is almost dead.
The worker ant bites you.
You die...

#..........# #.#
...........+ ...
#..........# #.#
...........# #.# #
#..........##.##.# .#
.....(.#..)....#.# #.####
...#####.#######.####......
...+.....<.......a.(%.∩....
...##8##..#.####@#.......##
...##.##..#.#..).#.5.......
...8.∩.8..#.#.##.#........P
..........#.#.####.......PP
#....8....#.#..........#.PP
#........#...######......Pc
.........#.#.# .......PP
#.........∩..# .........
#........#.### .#.#####.


You could see a worker ant.

Vanquished Creatures
  The ghost of B1inky the Ducker, a novice OpFi of Cheibriados (D:4)
  A crimson imp (D:5)
  A hound (D:4)
  A centaur skeleton (D:4)
  An iguana (D:4)
  2 orc wizards (D:5)
  2 worker ants (D:4)
  8 adders
  An ooze (D:3)
  2 adder skeletons
  4 worms
  A dart slug (D:3)
  5 leopard geckos
  9 orcs
  2 ball pythons
  5 giant cockroaches
  8 goblins
  3 hobgoblins
  12 jackals
  4 kobolds
  4 quokkas
  8 bats
  5 frilled lizards
  A jackal zombie (D:5)
  16 rats
107 creatures vanquished.

Vanquished Creatures (others)
  An orc wizard (D:5)
1 creature vanquished.

Grand Total: 108 creatures vanquished

Notes
Turn   | Place    | Note
-------+----------+-------------------------------------------
     0 | D:1      | Monsterracer the Gnoll Wizard began the quest for the Orb.
     0 | D:1      | Reached XP level 1. HP: 13/13 MP: 8/8
   336 | D:1      | Reached XP level 2. HP: 19/19 MP: 8/10
   733 | D:1      | Reached XP level 3. HP: 25/25 MP: 8/11
   740 | D:1      | Learned a level 3 spell: Conjure Flame
   744 | D:1      | Learned a level 3 spell: Mephitic Cloud
   747 | D:1      | Learned a level 2 spell: Blink
  1354 | D:2      | Reached skill level 1 in Fighting
  1354 | D:2      | Reached skill level 1 in Short Blades
  1354 | D:2      | Reached skill level 1 in Long Blades
  1354 | D:2      | Reached skill level 1 in Axes
  1354 | D:2      | Reached skill level 1 in Maces & Flails
  1354 | D:2      | Reached skill level 1 in Polearms
  1354 | D:2      | Reached skill level 1 in Staves
  1354 | D:2      | Reached skill level 1 in Slings
  1354 | D:2      | Reached skill level 1 in Bows
  1354 | D:2      | Reached skill level 1 in Crossbows
  1354 | D:2      | Reached skill level 1 in Throwing
  1354 | D:2      | Reached skill level 1 in Armour
  1354 | D:2      | Reached skill level 1 in Shields
  1354 | D:2      | Reached skill level 1 in Unarmed Combat
  1354 | D:2      | Reached skill level 1 in Hexes
  1354 | D:2      | Reached skill level 1 in Charms
  1354 | D:2      | Reached skill level 1 in Necromancy
  1354 | D:2      | Reached skill level 1 in Transmutations
  1354 | D:2      | Reached skill level 1 in Fire Magic
  1354 | D:2      | Reached skill level 1 in Ice Magic
  1354 | D:2      | Reached skill level 1 in Air Magic
  1354 | D:2      | Reached skill level 1 in Earth Magic
  1354 | D:2      | Reached skill level 1 in Poison Magic
  1354 | D:2      | Reached skill level 1 in Invocations
  1354 | D:2      | Reached skill level 1 in Evocations
  1354 | D:2      | Reached XP level 4. HP: 29/32 MP: 7/13
  2004 | D:2      | Found a glowing silver altar of Zin.
  2005 | D:2      | Found an opulent altar of Gozag.
  2352 | D:3      | Found a basalt altar of Yredelemnul.
  2439 | D:3      | Found a sparkling altar of Nemelex Xobeh.
  2439 | D:3      | Found a sacrificial altar of Ru.
  2458 | D:3      | Found a shadowy altar of Dithmenos.
  2522 | D:3      | Reached XP level 5. HP: 31/37 MP: 5/14
  3893 | D:4      | Reached XP level 6. HP: 16/44 MP: 4/16
  4084 | D:4      | Noticed B1inky's ghost (novice OpFi)
  4146 | D:4      | Killed B1inky's ghost
  4146 | D:4      | Reached skill level 5 in Dodging
  4146 | D:4      | Reached XP level 7. HP: 33/50 MP: 0/18
  5260 | D:5      | Entered Level 5 of the Dungeon
  5304 | D:5      | Found a staircase to the Ecumenical Temple.
  5320 | Temple   | Entered the Ecumenical Temple
  5369 | Temple   | Became a worshipper of Ashenzari the Shackled
  5532 | D:5      | Found Arazxis's Jewellery Shoppe.
  5534 | D:5      | Identified the +0 pair of boots of the Insatiable Runes {*Drain rPois MR+ Dex+2}
  5536 | D:5      | Found Ceor Ama's Book Emporium.
  5563 | D:5      | Found Gout's Book Emporium.
  5626 | D:5      | HP: 2/51 [centaur/arrow (3)]
  5665 | D:5      | HP: 1/51 [worker ant (3)]
  5670 | D:5      | Slain by a worker ant

Vault maps used:
D:1:      dpeg_arrival_three_same_balls, serial_forest,
          infiniplex_forest_clump_medium, infiniplex_forest_zigzag_1,
          infiniplex_forest_clump_small, infiniplex_forest_3_way,
          infiniplex_forest_clump_small, infiniplex_forest_clump_medium
D:2:      grunt_temple_overflow_gold_and_silver, hangedman_decor_push
D:3:      nicolae_overflow_quartered_altars
D:4:      nicolae_overflow_hidden_temple, first_bread
D:5:      led_sif_pool, minmay_temple_entry_butterflies, serial_shops, shop,
          shop, nicolae_shop_crystal, nicolae_shop_statue_plus,
          nicolae_shop_statue_plus, fedhas_bush_and_centaur_altar
Temple:   dshaligram_water_room_temple

Skill      XL: |  1  2  3  4  5  6 |
---------------+-------------------+-----
Fighting       | 1 2 |  2.5
Short Blades   | 1 2 |  2.5
Long Blades    | 1 2 |  2.5
Axes           | 1 2 |  2.5
Maces & Flails | 1 2 |  2.5
Polearms       | 1 2 |  2.5
Staves         | 1 2 |  2.5
Slings         | 1 2 |  2.5
Bows           | 1 2 |  2.5
Crossbows      | 1 2 |  2.5
Throwing       | 1 2 |  2.5
Armour         | 1 2 |  2.5
Shields        | 1 2 |  2.5
Unarmed Combat | 1 2 |  2.5
Hexes          | 1 2 |  2.5
Charms         | 1 2 |  2.5
Necromancy     | 1 2 |  2.5
Transmutations | 1 2 |  2.5
Fire Magic     | 1 2 |  2.5
Ice Magic      | 1 2 |  2.5
Air Magic      | 1 2 |  2.5
Earth Magic    | 1 2 |  2.5
Poison Magic   | 1 2 |  2.5
Invocations    | 1 2 |  2.5
Evocations     | 1 2 |  2.5
Conjurations   | 3 |  3.7
Summonings     | 3 |  3.7
Translocations | 3 |  3.7
Dodging        | 5 |  5.3
Stealth        | |  4.9
Spellcasting   | |  7.6

Action                   |  1- 3 |  4- 6 |  7- 9 || total
-------------------------+-------+-------+-------++-------
Melee: Spear             |     2 |    26 |       ||    28
       Bite              |       |     1 |     3 ||     4
       Long sword        |       |       |    74 ||    74
 Cast: Magic Dart        |    70 |   165 |    36 ||   271
       Conjure Flame     |       |     2 |     2 ||     4
       Blink             |       |     1 |       ||     1
Invok: Curse Item        |       |       |     2 ||     2
  Use: Scroll            |       |       |     9 ||     9
 Stab: Distracted        |       |       |     1 ||     1
  Eat: Chunk             |     1 |     8 |     5 ||    14
Armor: Robe              |     1 |     9 |    13 ||    23
Dodge: Dodged            |     6 |    33 |    52 ||    91
Block: Buckler           |       |       |    11 ||    11
       Rpst.: Long sword |       |       |    14 ||    14

Table legend:
 A = Spawn XP
 B = Non-spawn XP
 C = Spawn XP percentage of total XP
 D = Spawn monster count
 E = Non-spawn monster count
 F = Spawn count percentage of total count
 G = Total turns spent on level
                    A         B        C        D         E        F      G
               +---------+---------+-------+---------+---------+-------+---------
         Total |       0 |     985 |   0.0 |       0 |     108 |   0.0 |  5670
               +---------+---------+-------+---------+---------+-------+---------
           D:1 |       0 |      44 |   0.0 |       0 |      25 |   0.0 |  1032
           D:2 |       0 |      96 |   0.0 |       0 |      26 |   0.0 |  1260
           D:3 |       0 |      97 |   0.0 |       0 |      30 |   0.0 |  1420
           D:4 |       0 |     578 |   0.0 |       0 |      15 |   0.0 |  1548
           D:5 |       0 |     170 |   0.0 |       0 |      12 |   0.0 |   336
               +---------+---------+-------+---------+---------+-------+---------

Vault maps used:
D:1:      dpeg_arrival_three_same_balls, serial_forest,
          infiniplex_forest_clump_medium, infiniplex_forest_zigzag_1,
          infiniplex_forest_clump_small, infiniplex_forest_3_way,
          infiniplex_forest_clump_small, infiniplex_forest_clump_medium
D:2:      grunt_temple_overflow_gold_and_silver, hangedman_decor_push
D:3:      nicolae_overflow_quartered_altars
D:4:      nicolae_overflow_hidden_temple, first_bread
D:5:      led_sif_pool, minmay_temple_entry_butterflies, serial_shops, shop,
          shop, nicolae_shop_crystal, nicolae_shop_statue_plus,
          nicolae_shop_statue_plus, fedhas_bush_and_centaur_altar
Temple:   dshaligram_water_room_temple
